Construct Weapon Support Center
M3 Armored Personnel Carrier
M3 Armored Personnel Carrier
Selects Advanced Infantry Battlegroup
Selects Advanced Infantry Battlegroup
Selects Convert to Ranger Squad
Selects Frontline Medical Station
Frontline Medical Station
M4(105) Sherman Bulldozer
Selects Ammunition Storage
Selects M2A1 105mm Howitzer Emplacement
Selects 155mm Rapid Artillery Barrage
155mm Rapid Artillery Barrage
Advanced Air Reconnaissance
155mm Rapid Artillery Barrage
Grasshopper High-Altitude Recon Run